 Dungeon Crawl Stone Soup version 0.30-a0-154-gb106f4c828 (webtiles) character file.

Game seed: 6048382443169294626

4 Aibolit the Vexing (level 1, 17/17 HPs)
             Began as a Gnoll Hexslinger on Sept 27, 2022.
             Quit the game on level 1 of the Dungeon.
             The game lasted 00:01:03 (298 turns).

Aibolit the Vexing (Gnoll Hexslinger)                Turns: 298, Time: 00:01:03

Health: 17/17      AC:  2    Str:  9    XL:     1   Next: 60%
Magic:  4/4        EV: 13    Int: 12    God:
Gold:   15         SH:  0    Dex: 12    Spells: 4/5 levels left

rFire   . . .      SeeInvis .    a - +1 sling
rCold   . . .      Faith    .    (no shield)
rNeg    . . .      Spirit   .    c - +0 robe
rPois   .          Reflect  .    (no helmet)
rElec   .          Harm     .    (no cloak)
rCorr   .          Rampage  .    (no gloves)
Will    .....                    (no boots)
Stlth   +.........               (no amulet)
HPRegen 0.05/turn                (no ring)
MPRegen 0.09/turn                (no ring)

@: no status effects
A: fangs 1, strong nose, distributed training
a: no special abilities


You were on level 1 of the Dungeon.
You visited 1 branch of the dungeon, and saw 1 of its levels.

You collected 15 gold pieces.

Inventory:

Hand Weapons
 a - a +1 sling (weapon)
Armour
 c - a +0 robe (worn)
Scrolls
 b - a scroll of poison
 d - a scroll of identify {unknown}


   Skills:
 + Level 2.4 Fighting
 + Level 0.1 Short Blades
 + Level 0.1 Long Blades
 + Level 0.1 Axes
 + Level 0.1 Maces & Flails
 + Level 0.1 Polearms
 + Level 0.1 Staves
 + Level 4.4 Ranged Weapons
 + Level 0.1 Throwing
 + Level 0.1 Armour
 + Level 4.4 Dodging
 + Level 0.1 Stealth
 + Level 0.1 Shields
 + Level 0.1 Unarmed Combat
 + Level 2.6 Spellcasting
 + Level 0.1 Conjurations
 + Level 5.3 Hexes
 + Level 0.1 Summonings
 + Level 0.1 Necromancy
 + Level 0.1 Translocations
 + Level 0.1 Transmutations
 + Level 0.1 Fire Magic
 + Level 0.1 Ice Magic
 + Level 0.1 Air Magic
 + Level 0.1 Earth Magic
 + Level 0.1 Poison Magic
 + Level 0.2 Invocations
 + Level 0.1 Evocations


You had 4 spell levels left.
You knew the following spells:

 Your Spells              Type           Power      Damage    Failure   Level
a - Slow                  Hex            56%        N/A       2%          1

Your spell library contained the following spells:

 Spells                   Type           Power      Damage    Failure   Level
 Inner Flame              Hex/Fire       8%         N/A       26%         3
 Portal Projectile        Hex/Tloc       16%        N/A       26%         3
 Cause Fear               Hex            7%         N/A       28%         4


Dungeon Overview and Level Annotations

Branches:
Dungeon (1/15)

Altars:


Innate Abilities, Weirdness & Mutations

You have very sharp teeth.
Your uncanny sense of smell can sniff out nearby items.
Your experience applies equally to all skills.


Message History

You start waiting.
Done waiting.
There's nothing to open nearby.
You aren't carrying any pieces of jewellery.
Unknown command.
You aren't carrying any potions.
You aren't carrying any potions.
Okay, then.
Fire: a) +1 sling
Press: ? - help, Shift-Dir - straight line You can't see that place. [the floor.]
Okay, then.
There's nothing to open nearby.
You aren't carrying any pieces of jewellery.
You aren't carrying any pieces of jewellery.
There's nothing to open nearby.
You aren't carrying any pieces of jewellery.
You see here a +0 club.
You see here a +0 dagger.
You now have 15 gold pieces.
(D) Dungeon
Where to? (Enter - D:1 @ (x,y), ? - help)
Okay, then.
Found 8 stones.
Found 11 gold pieces.
Found a scroll labelled BUOJEF GIEFOUZ.
Found a stone staircase leading down.
Found a sling.
Found a scroll labelled WIYTHR UWNEAPS.
You see here a +0 sling.
d - a scroll labelled WIYTHR UWNEAPS
(D) Dungeon
Where to? (Enter - D:1 @ (x,y), ? - help)
Okay, then.
There's nothing to open nearby.
You aren't carrying any pieces of jewellery.
You aren't carrying any pieces of jewellery.
Unknown command.
Unknown command.
Are you sure you want to abandon this character and quit the game? (Confirm with "yes".)

#.# #)####### .#
#######)......## ..#
#........####..###..###
#.#####.##..##.#......
#......#.#.#..# ∆
#..##..#..$....
##.##).##...#
#.####..#..##...@# ∆
#.......#........#
######..##..##..(#
##..####....#
##......#..#
####.###..# #.# #..#
... .... ##### #?##


There were no monsters in sight!

Vanquished Creatures
  An endoplasm (D:1)
  2 goblins (D:1)
3 creatures vanquished.

Notes
Turn   | Place    | Note
-------+----------+-------------------------------------------
     0 | D:1      | Aibolit the Gnoll Hexslinger began the quest for the Orb.
     0 | D:1      | Reached XP level 1. HP: 17/17 MP: 4/4
   298 | D:1      | Quit the game

Illustrated notes

Levels and vault maps discovered:
D:1:      amcnicky_arrival_flooded_fountain, layout_loops_ring, serial_shops,
          shop, minmay_strange_pillars, minmay_close_crescents

Action                   || total
-------------------------++-------
 Fire: Sling             ||    12
 Cast: Slow              ||     4
Armor: Robe              ||     2
Dodge: Dodged            ||     5

Table legend: (Time is in decaauts)
 A = Elapsed time spent in this place.
 B = Non-inter-level travel time spent in this place.
 C = Inter-level travel time spent in this place.
 D = Time resting spent in this place.
 E = Time spent auto-exploring this place.
 F = Levels seen in this place.
 G = Mean time per level.
                   A        B        C        D        E       F      G
               +--------+--------+--------+--------+--------+-----+--------+
         Total |    300 |    254 |     46 |    202 |     24 |   1 |  300.0 |
       Dungeon |    300 |    254 |     46 |    202 |     24 |   1 |  300.0 |
               +--------+--------+--------+--------+--------+-----+--------+

Top non-repeatable levels by time:
     D:1: 300 daAuts
